 Dungeon Sprint DCSS version 0.21-a0-265-gb353147 (webtiles) character file.

2865 Kidiri the Eclecticist (level 9, 0/53 (54) HPs)
             Began as a Deep Elf Fire Elementalist on Sept 10, 2017.
             Was an Elder of Vehumet.
             Slain by a redback (15 damage)
             ... in the Dungeon (Sprint III: "The Ten Rune Challenge").
             The game lasted 00:07:25 (1701 turns).

Kidiri the Eclecticist (Deep Elf Fire Elementalist) Turns: 1701, Time: 00:07:26

HP:   0/53 (54)     AC:  2    Str:  5    XL:     9   Next: 47%
MP:   1/30          EV: 18    Int: 24    God:    Vehumet [****..]
Gold: 54            SH:  0    Dex: 17    Spells: 12/38 levels left

rFire    . . .     SeeInvis .   u - +0 dagger
rCold    . . .     Gourm    .   (no shield)
rNeg     . . .     Faith    .   a - +0 robe
rPois    .         Spirit   .   (no helmet)
rElec    .         Reflect  .   (no cloak)
rCorr    .         Harm     .   (no gloves)
MR       .....     NoTele   +   (no boots)
Stlth    +++.......             (no amulet)
HPRegen  0.17/turn              (no ring)
MPRegen  0.22/turn              (no ring)

@: no status effects
A: thin skeletal structure 1, mutation resistance 1, wild magic 1
a: Renounce Religion


You were in the Dungeon.
You worshipped Vehumet.
Vehumet was greatly pleased with you.
You were not hungry.

You visited 1 branch You collected 54 gold pieces.

Inventory:

Hand Weapons
 u - a +0 dagger (weapon)
Armour
 a - a +0 robe (worn)
Scrolls
 i - a scroll of blinking
 k - a scroll of holy word {unknown}
 m - a scroll of remove curse {unknown}
 q - a scroll of torment {unknown}
 r - a scroll of amnesia {unknown}
Potions
 b - a potion of curing
 d - 3 potions of mutation
 e - a potion of heal wounds
 f - a potion of haste
 g - 2 potions of magic
 h - a potion of berserk rage
 o - a potion of ambrosia
 p - 2 potions of flight
 t - a potion of might
Comestibles
 c - a bread ration
 j - a chunk of flesh
 n - 2 royal jellies


   Skills:
 + Level 5.2 Fighting
 + Level 6.3 Short Blades
 + Level 5.4 Armour
 + Level 8.3 Dodging
 - Level 2.4 Stealth
 * Level 15.2 Spellcasting
 + Level 9.4 Conjurations
 + Level 9.9 Fire Magic
 + Level 3.8 Air Magic
 + Level 3.9 Poison Magic


You had 12 spell levels left.
You knew the following spells:

 Your Spells              Type           Power        Failure   Level  Hunger
a - Flame Tongue          Conj/Fire      #####        1%          1    None
b - Throw Flame           Conj/Fire      ######       1%          2    None
c - Conjure Flame         Conj/Fire      ######..     1%          3    None
d - Inner Flame           Hex/Fire       ######..     1%          3    None
e - Ignite Poison         Fire/Tmut/Pois ######..     1%          3    None
f - Sticky Flame          Conj/Fire      ######..     1%          4    None
g - Fireball              Conj/Fire      ######....   1%          5    ##.....
h - Shock                 Conj/Air       ####         1%          1    None
i - Airstrike             Air            #####.....   2%          4    None


Dungeon Overview and Level Annotations

Branches:
Dungeon (1/1)

Altars:
Cheibriados
Dithmenos
Elyvilon
Fedhas
Gozag
Hepliaklqana
Kikubaaqudgha
Makhleb
Nemelex Xobeh
Okawaru
Qazlal
Ru
Sif Muna
Trog
Uskayaw
Vehumet
Wu Jian
Xom
Yredelemnul
Zin
The Shining One
Beogh
Jiyva
Lugonu

Annotations:
D exclusion: door


Innate Abilities, Weirdness & Mutations

You have a somewhat thin skeletal structure. (Dex +2, Stealth)
You are somewhat resistant to further mutation.
Your spells are a little harder to cast, but a little more powerful.


Message History

Vehumet accepts your kill.
Vehumet offers you knowledge of Static Discharge.
You feel your power returning.
Casting: Airstrike
Confirm with . or Enter, or press ? or * to list all spells.
You don't have enough magic to cast that spell.
Unknown command.
Unknown command.
j - a chunk of flesh A redback comes into view.
Things that are here:
a giant club x2
Casting: Airstrike
Confirm with . or Enter, or press ? or * to list all spells.
Aiming: Conjure Flame
Press: ? - help, Dir - move target cursor The fire ignites!
The redback is engulfed in blazing flames.
The redback bites you!
You die...

.)#__)#._# #+#+###+##
...).....# ⌠....)...#
..######)#
⌠.#__#...#+##############
..#__#...#....#.#.#.....#
###__#...##.#..#.##)###.#
):#__#...'##.#.#@##.#%)##
__#__+...#.).#..#s.##..
▓▓▓▓▓▓▓▓▓▓▓▓▓▓▓▓▓▓▓▓▓▓▓


You could see a redback.

Vanquished Creatures
  Erolcha (D)
  A deep elf mage (D)
  A redback (D)
  A shadow (D)
  A spatial vortex (D)
  A necrophage (D)
  5 two-headed ogres (D)
  A water elemental (D)
  A scorpion (D)
  A jelly (D)
  A wizard (D)
  A necromancer (D)
  A kobold demonologist (D)
  3 humans (D)
  4 rats (D)
24 creatures vanquished.

Vanquished Creatures (others)
  2 draconian scorchers (D)
  6 hellions (D)
  2 yaktaurs (D)
  An electric eel (D)
11 creatures vanquished.

Grand Total: 35 creatures vanquished

Notes
Turn   | Place    | Note
-------+----------+-------------------------------------------
     0 | D        | Kidiri the Deep Elf Fire Elementalist began the quest for the Orb.
     0 | D        | Reached XP level 1. HP: 10/10 MP: 6/6
    86 | D        | Killed a yaktaur
    91 | D        | Killed a hellion
    93 | D        | Killed a hellion
   100 | D        | Killed a hellion
   101 | D        | Killed a hellion
   102 | D        | Killed a hellion
   107 | D        | Noticed a scorpion
   115 | D        | Killed a scorpion
   115 | D        | Reached skill level 7 in Spellcasting
   115 | D        | Reached skill level 5 in Fire Magic
   115 | D        | Reached XP level 2. HP: 5/15 MP: 1/12
   115 | D        | Reached XP level 3. HP: 6/19 MP: 1/13
   126 | D        | Learned a level 2 spell: Throw Flame
   130 | D        | Learned a level 3 spell: Conjure Flame
   134 | D        | Learned a level 3 spell: Inner Flame
   146 | D        | Gained mutation: You have a somewhat thin skeletal structure. (Dex +2, Stealth) [potion of mutation]
   146 | D        | Gained mutation: Your spells are a little harder to cast, but a little more powerful. [potion of mutation]
   146 | D        | Gained mutation: You are somewhat resistant to further mutation. [potion of mutation]
   168 | D        | Killed a white draconian scorcher
   252 | D        | Killed a white draconian scorcher
   253 | D        | Killed a hellion
   287 | D        | Reached XP level 4. HP: 24/24 MP: 8/15
   293 | D        | Learned a level 4 spell: Sticky Flame
   336 | D        | Noticed a water elemental
   337 | D        | Killed a water elemental
   337 | D        | Reached skill level 9 in Spellcasting
   337 | D        | Reached skill level 5 in Conjurations
   397 | D        | Found a radiant altar of Vehumet.
   398 | D        | Found a deep blue altar of Sif Muna.
   398 | D        | Found an ancient bone altar of Kikubaaqudgha.
   398 | D        | Noticed a wizard
   401 | D        | Killed a wizard
   401 | D        | Reached skill level 10 in Spellcasting
   401 | D        | Reached XP level 5. HP: 28/28 MP: 9/19
   419 | D        | Learned a level 5 spell: Fireball
   428 | D        | Became a worshipper of Vehumet
   519 | D        | Found a glowing silver altar of Zin.
   520 | D        | Found a glowing golden altar of the Shining One.
   520 | D        | Found a white marble altar of Elyvilon.
   520 | D        | Noticed a deep elf mage
   531 | D        | Killed a deep elf mage
   531 | D        | Reached skill level 5 in Dodging
   531 | D        | Reached skill level 12 in Spellcasting
   531 | D        | Reached XP level 6. HP: 37/37 MP: 12/23
   531 | D        | Reached XP level 7. HP: 41/41 MP: 12/24
   593 | D        | Found an ornate altar of the Wu Jian Council.
   593 | D        | Found a roughly hewn altar of Beogh.
   593 | D        | Found an iron altar of Okawaru.
   593 | D        | Found a bloodstained altar of Trog.
   593 | D        | Found a hide-covered altar of Uskayaw.
   593 | D        | Noticed a human
   593 | D        | Noticed a human
   598 | D        | Killed a human
   601 | D        | Killed a human
   601 | D        | Reached * piety under Vehumet
   601 | D        | Offered knowledge of Sting by Vehumet.
   601 | D        | Reached skill level 13 in Spellcasting
   693 | D        | Found a basalt altar of Yredelemnul.
   693 | D        | Found a shadowy altar of Dithmenos.
   693 | D        | Found a sacrificial altar of Ru.
   734 | D        | Noticed a shadow
   737 | D        | Killed a shadow
   737 | D        | Reached ** piety under Vehumet
   737 | D        | Reached XP level 8. HP: 13/47 MP: 18/27
   870 | D        | Killed a yaktaur
   960 | D        | Found a blossoming altar of Fedhas.
   960 | D        | Found a stormy altar of Qazlal.
   960 | D        | Found a snail-covered altar of Cheibriados.
   960 | D        | Found a burning altar of Makhleb.
   960 | D        | Found a shimmering altar of Xom.
  1168 | D        | Found a hazy altar of Hepliaklqana.
  1168 | D        | Found an opulent altar of Gozag.
  1168 | D        | Found a sparkling altar of Nemelex Xobeh.
  1168 | D        | Found a corrupted altar of Lugonu.
  1168 | D        | Found a viscous altar of Jiyva.
  1183 | D        | Offered knowledge of Shock by Vehumet.
  1183 | D        | Reached skill level 5 in Short Blades
  1188 | D        | Learned a level 1 spell: Shock
  1255 | D        | Offered knowledge of Ignite Poison by Vehumet.
  1260 | D        | Learned a level 3 spell: Ignite Poison
  1269 | D        | Reached *** piety under Vehumet
  1269 | D        | Reached skill level 14 in Spellcasting
  1269 | D        | Reached skill level 1 in Air Magic
  1281 | D        | Reached skill level 1 in Poison Magic
  1360 | D        | Noticed a two-headed ogre
  1367 | D        | HP: 1/47 [two-headed ogre/giant club (18)]
  1368 | D        | Killed a two-headed ogre
  1368 | D        | Offered knowledge of Airstrike by Vehumet.
  1375 | D        | Learned a level 4 spell: Airstrike
  1674 | D        | Noticed a two-headed ogre
  1674 | D        | Noticed Erolcha
  1679 | D        | Killed a two-headed ogre
  1679 | D        | Reached XP level 9. HP: 10/51 MP: 16/29
  1681 | D        | Killed Erolcha
  1681 | D        | Reached **** piety under Vehumet
  1681 | D        | Reached skill level 5 in Fighting
  1681 | D        | Reached skill level 5 in Armour
  1681 | D        | Reached skill level 15 in Spellcasting
  1687 | D        | Offered knowledge of Static Discharge by Vehumet.
  1701 | D        | Slain by a redback

Vault maps used:
D:        dungeon_sprint_mu

Skill      XL: |  1  2  3  4  5  6  7  8  9 |
---------------+----------------------------+-----
Spellcasting   | 7 10 12 13 14 15 | 15.2
Conjurations   | 3 4 5 7 8 9 |  9.4
Fire Magic     | 5 6 8 9 |  9.9
Fighting       | 3 4 5 |  5.2
Short Blades   | 3 4 5 6 |  6.3
Armour         | 3 4 5 |  5.4
Dodging        | 5 6 7 8 |  8.3
Air Magic      | 2 3 |  3.8
Poison Magic   | 2 3 |  3.9
Stealth        | |  2.4

Action                   |  1- 3 |  4- 6 |  7- 9 || total
-------------------------+-------+-------+-------++-------
Melee: Dagger            |       |     1 |     1 ||     2
 Cast: Flame Tongue      |    17 |     3 |    28 ||    48
       Throw Flame       |     1 |       |     2 ||     3
       Sticky Flame      |       |     3 |     8 ||    11
       Conjure Flame     |       |     1 |     6 ||     7
       Inner Flame       |       |       |     4 ||     4
       Fireball          |       |       |     2 ||     2
       Airstrike         |       |       |     3 ||     3
  Use: Scroll            |     2 |       |       ||     2
       Potion            |     2 |       |       ||     2
 Stab: Sleeping          |       |     1 |       ||     1
  Eat: Fruit             |       |       |     4 ||     4
Armor: Robe              |     1 |     1 |     1 ||     3
Dodge: Dodged            |     3 |     3 |    14 ||    20

Table legend:
 A = Spawn XP
 B = Non-spawn XP
 C = Spawn XP percentage of total XP
 D = Spawn monster count
 E = Non-spawn monster count
 F = Spawn count percentage of total count
 G = Total turns spent on level
                    A         B        C        D         E        F      G
               +---------+---------+-------+---------+---------+-------+---------
         Total |       0 |    4094 |   0.0 |       0 |      24 |   0.0 |  1701
               +---------+---------+-------+---------+---------+-------+---------
             D |       0 |    4094 |   0.0 |       0 |      24 |   0.0 |  1701
               +---------+---------+-------+---------+---------+-------+---------
